 Dungeon Crawl Stone Soup version 0.30-a0-737-gf23d94013f (webtiles) character file.

Game seed: 5571445538074329676

602 retardedninja the Protected (level 7, -2/50 HPs)
             Began as a Gargoyle Fighter on Feb 1, 2023.
             Slain by an orc
             ... wielding a +2 war axe of distortion
              (6 damage)
             ... on level 4 of the Dungeon.
             The game lasted 00:04:53 (3874 turns).

retardedninja the Protected (Gargoyle Fighter)      Turns: 3874, Time: 00:04:53

Health: -2/50      AC: 14    Str: 21 (22) XL:     7   Next: 41%
Magic:  7/7        EV:  9    Int:  8      God:
Gold:   120        SH:  5    Dex:  9      Spells: 6/6 levels left

rFire   . . .      SeeInvis .    a - +0 flail
rCold   . . .      Faith    .    c - +0 buckler
rNeg    + . .      Spirit   .    b - +0 scale mail
rPois   ∞          Reflect  .    (no helmet)
rElec   +          Harm     .    o - +0 cloak {rCorr}
rCorr   +          Rampage  .    (no gloves)
Will    .....                    (no boots) Stlth
                                 (no amulet)
HPRegen 0.28/turn                (no ring)
MPRegen 0.10/turn                (no ring)

@: no status effects
A: sickness immunity, AC +4, negative energy resistance 1, electricity
resistance, torment resistance 1, petrification resistance
a: no special abilities


You were on level 4 of the Dungeon.
You visited 1 branch of the dungeon, and saw 4 of its levels.
You also visited: Sewer.

You collected 120 gold pieces.

Inventory:

Hand Weapons
 a - a +0 flail (weapon)
Missiles
 g - 6 silver javelins (quivered)
Armour
 b - a +0 scale mail (worn)
 c - a +0 buckler (worn)
 o - a +0 cloak of preservation (worn)
Wands
 x - a wand of polymorph (11)
Scrolls
 d - a scroll of magic mapping {unknown}
 e - 2 scrolls of identify {unknown}
 h - 2 scrolls of vulnerability {unknown}
 i - a scroll of fog
 k - a scroll of fear
 l - a scroll of acquirement {unknown}
 m - 2 scrolls of teleportation
 n - a scroll of immolation {unknown}
 p - a scroll of torment {unknown}
 q - a scroll of enchant armour {unknown}
 t - a scroll of blinking {unknown}
 v - a scroll of amnesia
Potions
 f - a potion of flight
 j - a potion of experience
 r - a potion of haste
 s - a potion of degeneration
 u - a potion of brilliance {unknown}
 w - a potion of magic {unknown}


   Skills:
 + Level 8.3 Fighting
 + Level 7.3 Maces & Flails
 + Level 8.4 Armour
 + Level 8.3 Shields


You had 6 spell levels left.
You didn't know any spells.
Your spell library contained the following spells:

 Spells                   Type           Power      Damage    Failure   Level
 Slow                     Hex            0%         N/A       78%         1
 Ensorcelled Hibernation  Hex/Ice        0%         N/A       89%         2
 Passwall                 Tmut/Erth      0%         N/A       89%         2
 Poisonous Vapours        Pois/Air       0%         N/A       89%         2
 Confusing Touch          Hex            0%         N/A       98%         3
 Mephitic Cloud           Conj/Pois/Air  0%         N/A       98%         3
 Swiftness                Air            0%         N/A       98%         3
 Vampiric Draining        Necr           0%         2d6       98%         3
 Vhi's Electric Charge    Tloc/Air       0%         N/A       98%         3
 Cause Fear               Hex            0%         N/A       100%        4
 Arcjolt                  Conj/Air       0%         1d10      100%        5
 Dragon Form              Tmut           0%         N/A       100%        7
 Maxwell's Capacitive Co  Air            0%         ∞         100%        8
 Dragon's Call            Summ           0%         N/A       100%        9
 Cigotuvi's Dreadful Rot  Necr/Pois/Air  Unusable   N/A       N/A         2

Dungeon Overview and Level Annotations

Branches:
Dungeon (4/15)              Sewer (visited)
 Temple: D:4-7

Altars:

Shops:
D:3 ?


Innate Abilities, Weirdness & Mutations

You are immune to sickness and miasma.
Your stone body is resilient. (AC +4)
You are immune to poison.
You resist negative energy. (rN+)
You are resistant to electric shocks. (rElec)
You are resistant to unholy torment.
You are immune to petrification.


Message History

The orc closely misses you.
You closely miss the orc.
The orc is lightly wounded.
You barely miss the orc.
The orc is lightly wounded.
The orc barely misses you.
You hit the orc but do no damage.
The orc is lightly wounded.
You feel yourself slow down. The orc hits you with a +0 flail.
You barely miss the orc.
The orc is lightly wounded.
The orc hits you with a +0 flail. The orc closely misses you.
You hit the orc.
The orc is heavily wounded.
The orc barely misses you.
You barely miss the orc.
The orc is heavily wounded.
The orc hits you with a +0 flail.
You sock the orc!
You kill the orc!
You thump the orc!
You kill the orc!
The orc hits you but does no damage. Space warps around you.
* * * LOW HITPOINT WARNING * * *
You hit the orc.
The orc is severely wounded.
The orc hits you but does no damage. Space warps around you.
* * * LOW HITPOINT WARNING * * *
It was a potion of experience.
You feel more experienced!
Your Fighting skill gained 4 levels and is now at level 8!
Your Maces & Flails skill gained 4 levels and is now at level 7!
Your Armour skill gained 4 levels and is now at level 8!
Your Shields skill gained 4 levels and is now at level 8!
You have reached level 7!
The orc hits you with a +2 war axe of distortion!
* * * LOW HITPOINT WARNING * * *
Space warps around you.
You die... ......## ......# ...... ....# ...# oo#

#o# .....# #@# #...#.#
#####.##### .. #.#.#.#
#.........#
...#.#...###.........#
#.#).....##.........#
#.....#..##.........#
#.#.#.#...#.........#
#.....#†....######.##
#......).##..........


You could see 3 orcs.

Vanquished Creatures
  4 jellies (Sewer)
  An orc wizard (D:4)
  4 adders
  2 river rats
  3 worms
  A dart slug (D:3)
  7 orcs
  8 ball pythons
  12 endoplasms
  8 giant cockroaches
  7 goblins
  4 hobgoblins
  8 jackals
  5 quokkas
  2 bats
  4 frilled lizards
  5 kobolds
  14 rats
99 creatures vanquished.

Notes
Turn   | Place    | Note
-------+----------+-------------------------------------------
     0 | D:1      | retardedninja the Gargoyle Fighter began the quest for the
                  | Orb.
     0 | D:1      | Reached XP level 1. HP: 14/14 MP: 1/1
   125 | D:1      | Reached XP level 2. HP: 17/19 MP: 2/2
   642 | D:1      | Reached XP level 3. HP: 14/23 MP: 3/3
   952 | D:1      | Found a faded altar of an unknown god.
  1857 | D:3      | Reached XP level 4. HP: 29/29 MP: 4/4
  1882 | D:3      | Found The Oracle's Delphic Readings.
  2546 | D:3      | Found a glowing drain.
  2556 | Sewer    | Entered a sewer
  2812 | Sewer    | Reached XP level 5. HP: 16/33 MP: 5/5
  3257 | Sewer    | Found a viscous altar of Jiyva.
  3460 | Sewer    | Reached XP level 6. HP: 23/39 MP: 6/6
  3874 | D:4      | Reached XP level 7. HP: 11/50 MP: 7/7
  3874 | D:4      | Slain by an orc

Illustrated notes

Levels and vault maps discovered:
D:1:      minmay_arrival_glassed_features, layout_loops_ring,
          dreamdust_ecumenical_altar_hidden_monk_grotto, minmay_octomino_e4
D:2:      layout_basic
D:3:      layout_basic, portal_sewer_entry_b, chequers_serial_rivers_micro_c,
          nicolae_nh_oracle_at_delphi
D:4:      layout_basic, lemuel_round_altar, minmay_misc_feat_encased,
          uniq_eustachio

Skill      XL: |  1  2  3  4  5  6 |
---------------+-------------------+-----
Armour         | 4 8 |  8.4
Fighting       | 4 8 |  8.3
Shields        | 4 8 |  8.3
Maces & Flails | 3 7 |  7.3

Action                     |  1- 3 |  4- 6 |  7- 9 || total
---------------------------+-------+-------+-------++-------
  Melee: Flail             |   147 |   201 |       ||   348
    Use: Potion            |     1 |     8 |       ||     9
         Scroll            |     4 |       |       ||     4
 Armour: Scale mail        |    97 |   133 |       ||   230
  Dodge: Dodged            |    81 |    94 |       ||   175
  Block: Buckler           |    26 |    55 |       ||    81

Table legend: (Time is in decaauts)
 A = Elapsed time spent in this place.
 B = Non-inter-level travel time spent in this place.
 C = Inter-level travel time spent in this place.
 D = Time resting spent in this place.
 E = Time spent auto-exploring this place.
 F = Levels seen in this place.
 G = Mean time per level.
                   A        B        C        D        E       F      G
               +--------+--------+--------+--------+--------+-----+--------+
         Total |   3980 |   3885 |     95 |    893 |   2074 |   5 |  796.0 |
       Dungeon |   2886 |   2791 |     95 |    380 |   1806 |   4 |  721.5 |
         Sewer |   1094 |   1094 |      0 |    513 |    267 |   1 | 1094.0 |
               +--------+--------+--------+--------+--------+-----+--------+

Top non-repeatable levels by time:
     D:1: 1162 daAuts
   Sewer: 1094 daAuts
     D:3: 905 daAuts
     D:2: 732 daAuts
     D:4: 86 daAuts
